 Dungeon Crawl Stone Soup version 0.21-a0-632-g1e37ce5 (webtiles) character file.

83 KristoblXynda the Charmwright (level 4, 0/22 HPs)
             Began as a Spriggan Skald on Dec 27, 2017.
             Slain by a howler monkey (6 damage)
             ... on level 3 of the Dungeon.
             The game lasted 00:04:04 (3044 turns).

KristoblXynda the Charmwright (Spriggan Skald)      Turns: 3044, Time: 00:04:05

Health: 0/22       AC:  2    Str:  8    XL:     4   Next: 22%
Magic:  2/10       EV: 19    Int: 14    God:
Gold:   144        SH:  0    Dex: 15    Spells: 3/10 levels left

rFire    . . .     SeeInvis +   a - +0 short sword
rCold    . . .     Gourm    .   (shield restricted)
rNeg     . . .     Faith    .   b - +0 robe
rPois    .         Spirit   .   (helmet restricted)
rElec    .         Reflect  .   (no cloak)
rCorr    .         Harm     .   (gloves unavailable)
MR       .....                  (boots unavailable)
Stlth    +.........             (no amulet)
HPRegen  0.07/turn              (no ring)
MPRegen  0.12/turn              (no ring)

@: infused, very quick
A: very small, unfitting armour, see invisible, herbivore, speed 3, slow
metabolism 2
a: no special abilities


You were on level 3 of the Dungeon.
You were not hungry.

You visited 1 branch of the dungeon, and saw 3 of its levels.

You collected 144 gold pieces.

Inventory:

Hand Weapons
 a - a +0 short sword (weapon)
Armour
 b - a +0 robe (worn)
Scrolls
 e - a scroll of enchant armour {unknown}
 f - a scroll of random uselessness {unknown}
 g - a scroll of teleportation
 i - a scroll of fog {unknown}
 j - a scroll of identify {unknown}
Potions
 h - a potion of heal wounds {unknown}
Books
 c - a book of Battle

   Spells                             Type                      Level
   a - Infusion                       Charms                       1
   b - Shroud of Golubria             Charms/Translocation         2
   c - Song of Slaying                Charms                       2
   d - Spectral Weapon                Hexes/Charms                 3
   e - Regeneration                   Charms/Necromancy            3
Comestibles
 d - 4 rations


   Skills:
 - Level 1.5 Fighting
 + Level 3.1 Short Blades
 + Level 4.5 Dodging
 + Level 3.6 Spellcasting
 + Level 5.3 Charms


You had 3 spell levels left.
You knew the following spells:

 Your Spells              Type           Power        Failure   Level  Hunger
a - Infusion              Chrm           ###.         2%          1    None
b - Regeneration          Chrm/Necr      #.........   21%         3    ###....
c - Spectral Weapon       Hex/Chrm       #.......     21%         3    ###....


Dungeon Overview and Level Annotations

Branches:
Dungeon (3/15)

Altars:
Hepliaklqana


Innate Abilities, Weirdness & Mutations

You are very small and have problems with some larger weapons.
You are too small for most types of armour.
You have supernaturally acute eyesight. (SInv)
You are a herbivore.
You cover ground extremely quickly.
You need consume almost no food.


Message History

The jackal is heavily wounded.
The jackal barely misses you.
You hit the jackal.
You kill the jackal!
A kobold comes into view. It is wielding a short sword.
You hit the jackal.
You kill the jackal!
The howler monkey hoots and howls with incredible vigour!
You hear a bark! x2; You hear a shout! x2; You hear an angry hiss.
A leopard gecko comes into view.
The leopard gecko hisses angrily.
The leopard gecko hisses menacingly.
Things that are here:
a jackal corpse x2
You hit the howler monkey.
The howler monkey is lightly wounded.
The howler monkey hits you.
* * * LOW HITPOINT WARNING * * *
The howler monkey hits you.
You die...

.?................####
....h#.######..##...).
.....#.# #..#†.####
####.#l# ###....####.
#K#.# #........... ...
#........... #.#
#..........# #h#
####......## # #@#
#....#...... ..# #.#
#)#....#.###
#...###.#####.#..##..#
.....(........>..##.##
...........#####.#..#
.........#######.#.###
##.......##..........##
#.......#............##
#..........>..........#


You could see a howler monkey, a leopard gecko, a jackal (wandering) and a
kobold.

Vanquished Creatures
  2 adders (D:2)
  An ooze (D:2)
  A worm (D:2)
  A dart slug (D:1)
  3 leopard geckos
  4 orcs (D:3)
  2 giant cockroaches
  6 goblins
  5 hobgoblins
  6 jackals
  A kobold (D:1)
  2 ball pythons
  5 bats
  2 frilled lizards (D:1)
  4 rats
45 creatures vanquished.

Notes
Turn   | Place    | Note
-------+----------+-------------------------------------------
     0 | D:1      | KristoblXynda the Spriggan Skald began the quest for the Orb.
     0 | D:1      | Reached XP level 1. HP: 10/10 MP: 5/5
     0 | D:1      | Noticed an ice dragon
     0 | D:1      | Noticed a tentacled monstrosity
     3 | D:1      | Noticed a shadow dragon
     3 | D:1      | Noticed an orb of fire
     6 | D:1      | Noticed a large abomination
     7 | D:1      | Noticed an orb of fire
     8 | D:1      | Noticed a tentacled monstrosity
    10 | D:1      | Noticed a large abomination
    12 | D:1      | Noticed an iron dragon
    12 | D:1      | Noticed an orb of fire
    13 | D:1      | Noticed an ice dragon
    14 | D:1      | Noticed a large abomination
    16 | D:1      | Noticed an ice dragon
    16 | D:1      | Noticed a tentacled monstrosity
    18 | D:1      | Noticed a red draconian
    18 | D:1      | Noticed a tentacled monstrosity
   475 | D:1      | Reached XP level 2. HP: 3/14 MP: 6/6
  1472 | D:2      | Found a hazy altar of Hepliaklqana.
  1486 | D:2      | Reached XP level 3. HP: 6/18 MP: 2/8
  1682 | D:2      | Learned a level 3 spell: Regeneration
  1686 | D:2      | Learned a level 3 spell: Spectral Weapon
  1709 | D:2      | Reached skill level 5 in Charms
  2774 | D:2      | Found a faded altar of an unknown god.
  2827 | D:3      | Reached XP level 4. HP: 19/22 MP: 6/10
  3044 | D:3      | Slain by a howler monkey

Vault maps used:
D:1:      shiori_arrival_whats_in_store_for_you
D:2:      lemuel_doored_altar, serial_curves, eino_curves_02, eino_curves_04,
          chequers_ecumenical_altar_grove
D:3:      ashenzari_altar_1, zin_scriptorium, kennysheep_generic_room_8

Skill      XL: |  1  2  3 |
---------------+----------+-----
Spellcasting   | 3 |  3.6
Dodging        | 4 |  4.5
Charms         | 5 |  5.3
Short Blades   | 3 |  3.1
Fighting       | |  1.5

Action                   |  1- 3 |  4- 6 || total
-------------------------+-------+-------++-------
Melee: Short sword       |   132 |    33 ||   165
 Cast: Infusion          |     6 |     1 ||     7
  Use: Scroll            |       |     1 ||     1
 Stab: Sleeping          |     3 |       ||     3
Armor: Robe              |     7 |     4 ||    11
Dodge: Dodged            |    85 |    21 ||   106

Table legend:
 A = Spawn XP
 B = Non-spawn XP
 C = Spawn XP percentage of total XP
 D = Spawn monster count
 E = Non-spawn monster count
 F = Spawn count percentage of total count
 G = Total turns spent on level
                    A         B        C        D         E        F      G
               +---------+---------+-------+---------+---------+-------+---------
         Total |       0 |     119 |   0.0 |       0 |      45 |   0.0 |  3044
               +---------+---------+-------+---------+---------+-------+---------
           D:1 |       0 |      36 |   0.0 |       0 |      20 |   0.0 |  1435
           D:2 |       0 |      57 |   0.0 |       0 |      13 |   0.0 |  1376
           D:3 |       0 |      26 |   0.0 |       0 |      12 |   0.0 |   233
               +---------+---------+-------+---------+---------+-------+---------
